 Dungeon Crawl Stone Soup version 0.20-a0-1078-g4874019 (webtiles) character file.

127 smeego the Conjurer (level 5, -4/35 HPs)
             Began as a Gnoll Conjurer on Apr 30, 2017.
             Slain by JimmahDean's ghost (10 damage)
             ... on level 3 of the Dungeon.
             The game lasted 00:07:07 (4326 turns).

smeego the Conjurer (Gnoll Conjurer)                Turns: 4326, Time: 00:07:07

Health: -4/35      AC:  2    Str:  7    XL:     5   Next: 11%
Magic:  2/11       EV: 14    Int: 17    God:
Gold:   131        SH:  0    Dex: 14    Spells: 2/12 levels left

rFire    + . .     SeeInvis .   d - -1 dagger (curse)
rCold    . . .     Gourm    .   (no shield)
rNeg     . . .     Faith    .   a - +0 robe
rPois    +         Spirit   .   (no helmet)
rElec    .         Reflect  .   (no cloak)
rCorr    .         Harm     .   (no gloves)
MR       .....                  (no boots)
Stlth    +++.......             (no amulet)
Regen    0.2/turn               l - ring of protection from fire
MPRegen  0.2/turn               m - ring of poison resistance

@: flying
A: short attention span, fangs 1, strong nose
a: no special abilities


You were on level 3 of the Dungeon.
You were very hungry.

You visited 1 branch of the dungeon, and saw 4 of its levels.

You collected 131 gold pieces.

Inventory:

Hand Weapons
 d - a cursed -1 dagger (weapon)
 h - a +0 short sword
 j - a +2 short sword of speed
Armour
 a - a +0 robe (worn)
Jewellery
 l - a ring of protection from fire (left hand)
 m - a ring of poison resistance (right hand)
Wands
 n - a wand of lightning (5/15)
Scrolls
 k - 2 scrolls of enchant weapon
Books
 b - a book of Conjurations

   Spells                             Type                      Level
   a - Magic Dart                     Conjuration                  1
   b - Searing Ray                    Conjuration                  2
   c - Dazzling Spray                 Conjuration/Hexes            3
   d - Fulminant Prism                Conjuration/Hexes            4
   e - Force Lance                    Conjuration/Translocation    4
   f - Iskenderun's Mystic Blast      Conjuration                  4
Comestibles
 c - a bread ration
 f - a royal jelly
 o - a meat ration


   Skills:
 - Level 4.3 Dodging
 + Level 4.0 Stealth
 + Level 4.0 Spellcasting
 * Level 7.3 Conjurations
 + Level 0.0 Hexes
 * Level 0.0 Evocations


You had 2 spell levels left.
You knew the following spells:

 Your Spells              Type           Power        Failure   Level  Hunger
a - Magic Dart            Conj           ####         1%          1    None
b - Searing Ray           Conj           ####..       1%          2    ##.....
c - Dazzling Spray        Conj/Hex       ###...       11%         3    ###....
d - Iskenderun's Mystic   Conj           ####....     8%          4    ####...


Dungeon Overview and Level Annotations

Branches:
Dungeon (4/15)
 Temple: D:4-7

Altars:
Elyvilon
Kikubaaqudgha
Makhleb
Ru

Annotations:
D:3 Blork the orc; JimmahDean's ghost, amateur HuFi


Innate Abilities, Weirdness & Mutations

You have a short attention span.
You have very sharp teeth.
Your uncanny sense of smell can sniff out nearby items.


Message History

Blork the orc is moderately wounded.
Blork the orc is dazzled.
Blork the orc barely misses you. The jackal closely misses you.
The jackal completely misses you.
Blork the orc is no longer blind.
The jackal bites you.
* * * LOW HITPOINT WARNING * * *
You see here a leather armour.
The jackal closely misses you. The jackal closely misses you.
Blork the orc looks satisfied for a moment.
The jackal closely misses you. The jackal barely misses you.
JimmahDean's ghost screams, "You will join me soon!"
JimmahDean's ghost closely misses you.
As you read the scroll labeled BYPLOF BAEZ, it crumbles to dust.
You assume a fearsome visage.
The gnoll looks frightened!
The jackal looks frightened!
JimmahDean's ghost is unaffected.
It was a scroll of fear.
JimmahDean's ghost hits you!
You die...

##.## #.# ∆ #.# #.# #.#
#.# #.## #.# #..# #.#
##.# #......... #.#
#..####### ####.####
#..# #....W@.# #..#
#.#####h# #..# #.#
#g#####..## #.... #.#
#.........# #.... #.#
#.###g....###....
#.#####.# #........#._.
#...>...# #.....##.#...
##.#.######g....##.##.g
#.#.###...[#####...#o.


You could see JimmahDean's ghost, a gnoll (fleeing) and a jackal (fleeing).

Vanquished Creatures
  5 adders
  An ooze (D:2)
  A worm (D:2)
  4 dart slugs (D:1)
  An orc (D:3)
  8 bats
  6 giant cockroaches
  8 hobgoblins
  6 kobolds
  6 frilled lizards
  5 goblins
  12 rats
63 creatures vanquished.

Vanquished Creatures (others)
  Ijyb (D:3)
1 creature vanquished.

Grand Total: 64 creatures vanquished

Notes
Turn   | Place    | Note
-------+----------+-------------------------------------------
     0 | D:1      | smeego the Gnoll Conjurer began the quest for the Orb.
     0 | D:1      | Reached XP level 1. HP: 13/13 MP: 4/4
   206 | D:1      | Reached skill level 6 in Conjurations
   568 | D:1      | Reached XP level 2. HP: 19/19 MP: 1/6
  1589 | D:1      | Reached XP level 3. HP: 24/24 MP: 1/8
  2119 | D:2      | Learned a level 2 spell: Searing Ray
  2123 | D:2      | Learned a level 3 spell: Dazzling Spray
  2761 | D:2      | Reached XP level 4. HP: 30/30 MP: 4/9
  2929 | D:2      | Reached skill level 7 in Conjurations
  3455 | D:2      | Learned a level 4 spell: Iskenderun's Mystic Blast
  3533 | D:2      | Found a burning altar of Makhleb.
  3533 | D:2      | Noticed a cacodemon
  3625 | D:3      | Noticed Ijyb
  3634 | D:3      | Killed Ijyb
  3649 | D:3      | Noticed JimmahDean's ghost (amateur HuFi)
  3730 | D:3      | Reached XP level 5. HP: 10/35 MP: 2/11
  4252 | D:4      | Noticed Blork the orc
  4273 | D:4      | Found a sacrificial altar of Ru.
  4290 | D:3      | Found a white marble altar of Elyvilon.
  4302 | D:3      | Found an ancient bone altar of Kikubaaqudgha.
  4326 | D:3      | Slain by JimmahDean's ghost

Vault maps used:
D:1:      lightli_arrival_noodles
D:2:      makhleb_altar_promises_db, serial_forest, infiniplex_forest_end_2,
          infiniplex_forest_lined_3_way, infiniplex_forest_diagonal,
          infiniplex_forest_diagonal, infiniplex_forest_end_1
D:3:      old_standard_altar, grunt_temple_overflow_open, amethyst_killhole,
          grunt_ministairs_1, uniq_ijyb, uniq_natasha
D:4:      bloody_trog, nicolae_ru_great_annihilating_truth, uniq_blork_the_orc

Skill      XL: |  1  2  3  4  5 |
---------------+----------------+-----
Conjurations   | 6 7 |  7.3
Stealth        | 3 4 |  4.0
Dodging        | 4 |  4.3
Spellcasting   | 4 |  4.0

Action                   |  1- 3 |  4- 6 || total
-------------------------+-------+-------++-------
Melee: Dagger            |    16 |     1 ||    17
       Bite              |     1 |       ||     1
 Cast: Magic Dart        |    73 |    28 ||   101
       Searing Ray       |     2 |     6 ||     8
       Dazzling Spray    |       |     5 ||     5
       Iskenderun's Myst |       |     2 ||     2
  Use: Scroll            |     2 |     3 ||     5
       Potion            |       |     3 ||     3
 Stab: Sleeping          |       |     1 ||     1
  Eat: Chunk             |     5 |     5 ||    10
Armor: Robe              |     2 |     2 ||     4
Dodge: Dodged            |    22 |    33 ||    55
